 Dungeon Crawl Stone Soup version 0.31-a0-818-ge7c7cf74f0 (webtiles) character file.

Game seed: 17226170890402926899

1637 demibob the Spear-Bearer (level 8, -7/58 HPs)
             Began as a Merfolk Chaos Knight on Sept 23, 2023.
             Was a Plaything of Xom.
             Killed by divine providence
             ... invoked by an orc priest
              (12 damage)
             ... on level 5 of the Dungeon.
             The game lasted 00:08:15 (4889 turns).

demibob the Spear-Bearer (Merfolk Chaos Knight)     Turns: 4889, Time: 00:08:16

Health: -7/58      AC:  8    Str: 13      XL:     8   Next: 98%
Magic:  8/8        EV: 12    Int: 11      God:    Xom [..*...]
Gold:   222        SH:  0    Dex: 14 (15) Spells: 7/7 levels left

rFire   . . .        a - +2 halberd (chaos)
rCold   . . .        (shield currently unavailable)
rNeg    . . .        b - +2 leather armour
rPois   .            (no helmet)
rElec   .            h - +0 cloak {Stlth+}
rCorr   .            (no gloves)
SInv    .            (no boots)
Will    .....        q - amulet of the acrobat
Stlth   ++           (no ring)
HPRegen 0.29/turn    (no ring)
MPRegen 0.11/turn

%: acrobat
@: hasted (expiring), very quick
A: (nimble swimmer 2), mertail, claws 1, iridescent scales 1, deterioration 1,
inability to drink after injury 1
a: Renounce Religion


You were on level 5 of the Dungeon.
You worshipped Xom.
You were a toy of Xom.
You visited 1 branch of the dungeon, and saw 5 of its levels.
You also visited: Sewer.

You collected 342 gold pieces.
You spent 120 gold pieces at shops.


Innate Abilities, Weirdness & Mutations

((You are very nimble when in or above water. (Stealth+, EV+, Speed+++)))
Your lower body shifts to a powerful aquatic tail in water.
You have sharp fingernails.
You are partially covered in iridescent scales. (AC +2)
Your body sometimes deteriorates upon taking damage.
You occasionally lose the ability to drink potions when taking damage.


   Skills:
 - Level 3.2 Fighting
 + Level 14.6 Polearms
 - Level 0.6 Armour
 - Level 2.6 Dodging


You had 7 spell levels left.
You didn't know any spells.
Your spell library contained the following spells:

 Spells                   Type           Power      Damage    Failure   Level
 Sandblast                Erth           0%         2d4       41%         1
 Shock                    Conj/Air       0%         1d3       41%         1
 Blink                    Tloc           0%         N/A       56%         2
 Lesser Beckoning         Tloc           0%         N/A       56%         2
 Momentum Strike          Conj/Tloc      0%         3d8       56%         2
 Passwall                 Tmut/Erth      0%         N/A       56%         2
 Poisonous Vapours        Pois/Air       0%         N/A       56%         2
 Mephitic Cloud           Conj/Pois/Air  0%         N/A       80%         3
 Stone Arrow              Conj/Erth      0%         3d7       80%         3
 Swiftness                Air            0%         N/A       80%         3
 Airstrike                Air            0%         2d(0-16)  99%         4
 Brom's Barrelling Bould  Conj/Erth      0%         2d3       99%         4
 Fireball                 Conj/Fire      0%         3d3       100%        5
 Freezing Cloud           Conj/Ice/Air   0%         6-21      100%        5
 Iskenderun's Battlesphe  Conj           0%         2d6       100%        5
 Conjure Ball Lightning   Conj/Air       0%         3x3d6     100%        6
 Orb of Destruction       Conj           0%         9d5       100%        7

Inventory:

Hand Weapons
 a - a +2 halberd of chaos (weapon)
 n - a +0 spear of chaos
 p - a +0 trident
Missiles
 d - 3 curare-tipped darts (quivered) {=f}
Armour
 b - a +2 leather armour (worn)
 h - a +0 cloak of stealth (worn)
Jewellery
 q - an amulet of the acrobat (around neck)
Wands
 l - a wand of charming (5)
 s - a wand of flame (17)
Scrolls
 c - a scroll of butterflies
 e - a scroll of immolation
 f - 3 scrolls of teleportation {@r2}
Potions
 j - a potion of resistance
 k - a potion of mutation
 m - a potion of haste {@q3}
 u - 2 potions of attraction

Dungeon Overview and Level Annotations

Branches:
Dungeon (5/15)             Temple (0/1) D:5           Sewer (visited)

Altars:
Dithmenos
Kikubaaqudgha
Sif Muna
Yredelemnul

Shops:
D:4 *

Annotations:
D:3 2 transporters, Splishie's ghost, amateur GnWn

#......#.#........#.........
#......#.#........#.........
........#.#..................
##.....###§#...........##.....
#.....+.§§).##........##.....
#.....###O§..+........''.....
.........§..#........##.....
..........{.+.##....###.....
......O#o..@#.......# #.....
.......#....'.......# #.....
.......#....#.......###.....
.......#.####....... ......
......o#'# ....# #'#....
.$...o..o? ....# ....... .
...# ....... .. ...# .......
.......


You could see an ogre and an orc priest.


Message History

Okay, then.
Reach: a) +2 halberd (chaos)
Press: ? - help, Dir - move target You reach to attack!
You barely miss something.
Unknown command.
Reach: a) +2 halberd (chaos)
Press: ? - help, Dir - move target You reach to attack!
You barely miss something.
Your extra speed is starting to run out.
Unknown command.
Okay, then.
Blink to where?
Press: ? - help, Dir - move target
As you read the scroll of blinking, it crumbles to dust.
The orc priest shouts!
Aiming: Charm
Press: ? - help, Shift-Dir - straight line, f - orc priest
Aim: an orc priest, wielding a +0 club (chance to affect: 49%)
The orc priest resists with some effort.
The orc priest mumbles some strange prayers to Beogh against you.
Beogh smites you!
* * * LOW HITPOINT WARNING * * *
Aiming: Charm
Press: ? - help, Shift-Dir - straight line, f/p - orc priest
Aim: an orc priest, wielding a +0 club (chance to affect: 49%)
The orc priest resists with some effort.
The orc priest mumbles some strange prayers to Beogh against you.
Beogh smites you!
You die...
Xom chortles!

Skill      XL: |  1  2  3  4  5  6  7  8 |
---------------+-------------------------+-----
Polearms       | 5 6 7 9 10 12 14 | 14.6
Fighting       | |  3.2
Armour         | |  0.6
Dodging        | |  2.6

Action                     |  1- 3 |  4- 6 |  7- 9 || total
---------------------------+-------+-------+-------++-------
  Melee: Spear             |   113 |   132 |   105 ||   350
         Halberd           |       |       |   195 ||   195
         Punch             |       |       |     1 ||     1
         Tailslap          |       |       |     1 ||     1
  Throw: Dart              |       |     4 |       ||     4
  Evoke: Wand              |       |       |     8 ||     8
    Use: Scroll            |     2 |     1 |    13 ||    16
         Potion            |       |     1 |     8 ||     9
   Stab: Sleeping          |     2 |     2 |    13 ||    17
         Distracted        |       |     1 |     1 ||     2
         Paralysed         |       |       |     4 ||     4
         Invisible         |       |       |     6 ||     6
         Confused          |       |       |     1 ||     1
 Armour: Leather armour    |    31 |    41 |   126 ||   198
  Dodge: Dodged            |    38 |    41 |   154 ||   233

Levels and vault maps discovered:
D:1:      shiori_shiawase, layout_loops_corners, minivault_25
D:2:      layout_rooms, serial_corexii_hall, chequers_hall_statues_wall_a,
          corexii_hall_statues_l, corexii_hall_statues_i,
          chequers_hall_statues_corner_a, minmay_misc_feat_doors,
          chequers_serial_rivers_micro_b, minmay_tetromino_t2,
          uniq_crazy_yiuf_cottage
D:3:      layout_basic, shapermc_ecumenical_altar_venn,
          gammafunk_ghost_stat_death, minmay_misc_feat_tower, uniq_terence,
          uniq_jessica, uniq_grinder, uniq_natasha, uniq_ijyb
D:4:      layout_cave_pools, mainiacjoe_overflow_alcove_1,
          gammafunk_temple_of_torment, led_sif_pool, serial_shops,
          nicolae_stop_n_shop_2, minmay_snake_closets
D:5:      layout_basic, temple_fountains, gup_sewer_entry_spiral

Notes
Turn   | Place    | Note
-------+----------+-------------------------------------------
     0 | D:1      | demibob the Merfolk Chaos Knight began the quest for the
                  | Orb.
     0 | D:1      | Reached XP level 1. HP: 18/18 MP: 1/1
   131 | D:1      | Reached XP level 2. HP: 24/24 MP: 2/2
   254 | D:1      | Reached skill level 5 in Polearms
   412 | D:1      | Reached XP level 3. HP: 28/29 MP: 3/3
   460 | D:1      | XOM: cloud trail
   571 | D:1      | XOM: give mutation
   571 | D:1      | Gained mutation: You expend magic power (3 MP) to
                  | strengthen your wands. [Xom's mischief]
   909 | D:1      | XOM: noise
  1158 | D:2      | Reached skill level 6 in Polearms
  1191 | D:2      | Reached XP level 4. HP: 33/35 MP: 4/4
  1538 | D:2      | Found a runed translucent door.
  1539 | D:2      | Noticed Crazy Yiuf
  1545 | D:2      | Killed Crazy Yiuf
  1546 | D:2      | Reached skill level 7 in Polearms
  1660 | D:3      | Noticed Terence
  1679 | D:3      | Killed Terence
  1680 | D:3      | Reached XP level 5. HP: 25/41 MP: 5/5
  1807 | D:3      | Noticed Natasha
  1823 | D:3      | Found a transporter.
  1823 | D:3      | Found a faded altar of an unknown god.
  1823 | D:3      | Noticed Jessica
  1823 | D:3      | XOM: 3-stop teleportation journey
  1843 | D:3      | XOM: noise
  1847 | D:3      | Killed Jessica
  1882 | D:3      | Noticed Grinder
  1897 | D:3      | Killed Grinder
  1898 | D:3      | Reached skill level 9 in Polearms
  1898 | D:3      | Reached XP level 6. HP: 16/47 MP: 6/6
  2098 | D:3      | Noticed Splishie's ghost (amateur GnWn)
  2126 | D:3      | Found a transporter.
  2196 | D:3      | Noticed Ijyb
  2211 | D:3      | Killed Ijyb
  2228 | D:3      | Reached skill level 10 in Polearms
  2368 | D:3      | Natasha changed into Natasha the hound
  2368 | D:3      | Noticed Natasha
  2372 | D:3      | Killed Natasha the hound
  2373 | D:3      | Reached XP level 7. HP: 48/52 MP: 7/7
  2484 | D:3      | Noticed Natasha
  2491 | D:3      | Killed Natasha
  2527 | D:3      | XOM: stat loss: -1 Int (10/11)
  2940 | D:3      | Identified a potion of resistance
  2963 | D:3      | XOM: summons 4 hostile demons
  3084 | D:3      | XOM: give mutations
  3084 | D:3      | Gained mutation: You have sharp fingernails. [Xom's
                  | mischief]
  3084 | D:3      | Gained mutation: You are partially covered in iridescent
                  | scales. (AC +2) [Xom's mischief]
  3121 | D:4      | Found Xyuveozi's General Store.
  3146 | D:4      | Bought a potion of invisibility for 96 gold pieces
  3146 | D:4      | Bought a scroll of identify for 24 gold pieces
  3167 | D:4      | Found a transporter.
  3187 | D:4      | Found a basalt altar of Yredelemnul.
  3189 | D:4      | Noticed Menkaure
  3352 | D:4      | Reached skill level 11 in Polearms
  3468 | D:4      | Found an ancient bone altar of Kikubaaqudgha.
  3469 | D:4      | Found a transporter.
  3713 | D:4      | Found a shadowy altar of Dithmenos.
  3796 | D:4      | Found a shimmering blue altar of Sif Muna.
  3892 | D:4      | XOM: silly message
  3916 | D:4      | Killed Menkaure
  3917 | D:4      | Reached skill level 12 in Polearms
  3917 | D:4      | Reached XP level 8. HP: 58/58 MP: 1/8
  3986 | D:4      | Identified the +5 plate armour of Tuywed {rCorr Str+2 Int+3
                  | Slay-4}
  4001 | D:4      | Identified the +4 flail of Kejidim {elec, Int+2}
  4125 | D:5      | Entered Level 5 of the Dungeon
  4137 | D:5      | XOM: blink monster(s)
  4186 | D:5      | Found a staircase to the Ecumenical Temple.
  4241 | D:5      | Found a glowing drain.
  4245 | Sewer    | Entered a sewer
  4422 | Sewer    | XOM: stat loss: -1 Str (12/13)
  4508 | D:5      | Reached skill level 13 in Polearms
  4581 | D:5      | XOM: noise
  4598 | D:5      | XOM: noise
  4667 | D:5      | XOM: potion effect (might)
  4678 | D:5      | Reached skill level 14 in Polearms
  4790 | D:5      | XOM: give mutations
  4790 | D:5      | Gained mutation: You occasionally lose the ability to drink
                  | potions when taking damage. [Xom's mischief]
  4790 | D:5      | Lost mutation: You expend magic power (3 MP) to strengthen
                  | your wands. [Xom's mischief]
  4790 | D:5      | Gained mutation: Your body sometimes deteriorates upon
                  | taking damage. [Xom's mischief]
  4848 | D:5      | XOM: noise
  4853 | D:5      | XOM: butterfly on damage
  4869 | D:5      | XOM: butterfly on damage
  4880 | D:5      | XOM: smoke on damage
  4888 | D:5      | HP: 5/58 [orc priest/divine providence (11)]
  4889 | D:5      | Killed from afar by an orc priest

Vanquished Creatures
  Grinder (D:3)
  Menkaure (D:4)
  An ice beast (D:5)
  An orc warrior (D:5)
  2 bullfrogs (Sewer)
  A scorpion (D:4)
  2 hounds
  Crazy Yiuf (D:2)
  2 gnoll boudas (D:5)
  2 orc priests (D:5)
  2 jellies (D:5)
  Terence (D:3)
  A sleepcap (D:5)
  Jessica (D:3)
  An iguana (D:5)
  Ijyb (D:3)
  Natasha (D:3)
  3 orc wizards
  A hound skeleton (D:4)
  12 gnolls
  15 adders
  A river rat (D:5)
  2 shadow imps
  2 white imps (D:5)
  3 worms
  4 dart slugs
  18 orcs
  7 endoplasms
  9 giant cockroaches
  6 goblins
  9 hobgoblins
  3 jackals (D:5)
  8 kobolds
  6 quokkas
  12 ball pythons
  4 bats
  8 frilled lizards
  A jackal zombie (D:4)
  5 rats
161 creatures vanquished.

Vanquished Creatures (others)
  A quokka (D:5)
  An orc zombie (D:5)
2 creatures vanquished.

Grand Total: 163 creatures vanquished

Table legend: (Time is in decaauts)
 A = Elapsed time spent in this place.
 B = Non-inter-level travel time spent in this place.
 C = Inter-level travel time spent in this place.
 D = Time resting spent in this place.
 E = Time spent auto-exploring this place.
 F = Levels seen in this place.
 G = Mean time per level.
                   A        B        C        D        E       F      G
               +--------+--------+--------+--------+--------+-----+--------+
         Total |   4695 |   4463 |    232 |    239 |   3262 |   6 |  782.5 |
       Dungeon |   4531 |   4299 |    232 |    239 |   3179 |   5 |  906.2 |
         Sewer |    164 |    164 |      0 |      0 |     82 |   1 |  164.0 |
               +--------+--------+--------+--------+--------+-----+--------+

Top non-repeatable levels by time:
     D:3: 1393 daAuts
     D:4: 1040 daAuts
     D:1: 908 daAuts
     D:2: 725 daAuts
     D:5: 463 daAuts
   Sewer: 164 daAuts

Table legend:
 A = Non-vault XP
 B = Vault XP
 C = Vault XP percentage of total XP
 D = Non-vault monster count
 E = Vault monster count
 F = Vault count percentage of total count
                 A         B        C        D         E       F
            +---------+---------+-------+---------+---------+-------
      Total |    1275 |    1064 |  45.5 |     115 |      46 |  28.6
            +---------+---------+-------+---------+---------+-------
        D:1 |      42 |       0 |   0.0 |      22 |       0 |   0.0
        D:2 |      48 |      56 |  53.8 |      18 |       3 |  14.3
        D:3 |     172 |     435 |  71.7 |      26 |       5 |  16.1
        D:4 |     197 |     311 |  61.2 |      16 |      14 |  46.7
        D:5 |     816 |      26 |   3.1 |      33 |       5 |  13.2
      Sewer |       0 |     236 | 100.0 |       0 |      19 | 100.0
            +---------+---------+-------+---------+---------+-------
